Map: Temple gelé

Players

pupu

  • Race: Protoss Protoss
  • League: Silver

FunkyFrog - Winner!

  • Race: Terran Terran

VOD

Have the link to the VOD?

Description

Time

  • Played on: April 7, 2016, 11:08 a.m.
  • Length: 11:35
Show
View Real Time Build Order
Export as new Build Order

pupu Protoss 

Build Orders:  

Get SALT Encoding   

  12  0:00  Probe (Chrono Boost)  
  13  0:11  Probe (Chrono Boost)  
  14  0:18  Pylon  
  14  0:22  Probe (Chrono Boost)  
  15  0:37  Probe (Chrono Boost), Gateway  
  16  0:46  Assimilator  
  16  0:47  Probe (Chrono Boost)  
  17  0:54  Assimilator  
  17  0:58  Probe (Chrono Boost)  
  18  1:08  Probe (Chrono Boost)  
  19  1:19  Probe (Chrono Boost)  
  20  1:26  Cybernetics Core  
  20  1:29  Probe (Chrono Boost)  
  21  1:51  Nexus  
  21  1:57  Pylon  
  21  2:04  Warp Gate (Chrono Boost)  
  21  2:05  Mothership Core (Chrono Boost)  
  23  2:17  Stalker  
  25  2:25  Probe (Chrono Boost)  
  26  2:39  Probe (Chrono Boost)  
  27  2:46  Pylon  
  27  2:52  Probe (Chrono Boost), Twilight Council  
  28  3:02  Probe (Chrono Boost)  
  28  3:04  Probe (Chrono Boost)  
  30  3:10  Gateway  
  30  3:15  Gateway  
  30  3:19  Probe x2 (Chrono Boost)  
  32  3:26  Charge (Chrono Boost)  
  32  3:34  Probe  
  33  3:36  Probe  
  34  3:48  Probe, Forge  
  35  3:55  Probe  
  36  4:00  Probe  
  38  4:10  Probe  
  38  4:12  Probe  
  39  4:17  Robotics Facility  
  39  4:21  Gateway  
  39  4:23  Pylon  
  39  4:26  Protoss Ground Weapons Level 1 (Chrono Boost), Pylon  
  39  4:38  Probe x2  
  41  4:47  Gateway  
  41  4:50  Probe x2, Pylon  
  43  5:01  Photon Cannon  
  35  5:19  Zealot  
  35  5:20  Zealot x2  
  37  5:30  Probe x2  
  39  5:42  Probe  
  40  5:49  Zealot x3  
  45  6:04  Observer  
  46  6:14  Probe x2  
  47  6:22  Pylon  
  47  6:27  Photon Cannon  
  47  6:30  Pylon  
  47  6:31  Photon Cannon  
  47  6:36  Protoss Shields Level 1 (Chrono Boost)  
  43  6:47  Probe x2  
  45  6:57  Stalker x4  
  45  6:59  Probe  
  54  7:09  Probe  
  54  7:11  Probe  
  56  7:22  Probe  
  57  7:23  Probe  
  57  7:26  Pylon  
  57  7:28  Warp Prism (Chrono Boost)  
  57  7:29  Blink  
  60  7:30  Pylon  
  60  7:54  Assimilator  
  60  7:56  Assimilator  
  60  7:58  Protoss Ground Weapons Level 2  
  60  8:05  Probe, Gateway  
  60  8:06  Probe  
  62  8:16  Photon Cannon  
  62  8:19  Photon Cannon  
  62  8:25  Probe  
  62  8:26  Probe  
  64  8:34  Zealot  
  64  8:35  Zealot x2  
  64  8:36  Zealot  
  64  8:38  Zealot  
  70  9:27  Probe x2  
  70  9:30  Zealot x5  
  74  9:35  Immortal (Chrono Boost)  
  78  9:39  Probe x2  
  80  9:50  Pylon  
  80  9:51  Probe x2  
  80  9:52  Pylon  
  82  9:54  Sentry x3  
  82  9:55  Pylon  
  82  9:57  Gateway  
  82  9:58  Gateway  
  88  10:03  Probe x2  
  90  10:15  Probe, Pylon  
  90  10:18  Nexus  
  90  10:21  Probe, Pylon  
  92  10:27  Probe  
  65  11:01  Zealot x3  
  65  11:02  Zealot x2  
  67  11:09  Probe x2  
  73  11:21  Probe, Zealot x2  
  73  11:22  Probe, Zealot x5  
Show
View Real Time Build Order
Export as new Build Order

FunkyFrog Terran - Winner!

Build Orders: MMM Bio 

Get SALT Encoding   

  12  0:01  SCV  
  13  0:13  SCV  
  14  0:21  Supply Depot  
  14  0:25  SCV  
  15  0:43  SCV  
  15  0:45  Barracks  
  15  0:48  Refinery  
  16  0:55  SCV  
  17  1:07  SCV  
  18  1:19  SCV  
  20  1:32  Reaper  
  20  1:37  Command Center  
  20  1:43  Orbital Command  
  20  1:53  Supply Depot  
  20  1:59  Refinery  
  20  2:04  Marine  
  21  2:21  SCV  
  22  2:28  Factory  
  22  2:32  Barracks Reactor  
  22  2:50  SCV  
  24  2:55  Orbital Command  
  23  2:58  Bunker  
  23  3:07  Barracks  
  23  3:12  Widow Mine, Starport  
  23  3:14  Marine x2  
  27  3:24  SCV  
  28  3:28  SCV  
  28  3:32  Marine x2  
  31  3:49  Marine  
  31  3:52  Marine  
  31  3:54  Medivac  
  35  3:56  Barracks Tech Lab  
  35  3:57  Factory Reactor  
  35  4:02  SCV x2  
  37  4:03  Engineering Bay  
  37  4:07  Marine  
  38  4:14  SCV  
  38  4:15  SCV  
  38  4:16  Stimpack  
  42  4:17  Marauder  
  42  4:18  Marine  
  43  4:33  Marine  
  43  4:35  Marine  
  43  4:38  Supply Depot  
  45  4:40  Supply Depot  
  45  4:50  Supply Depot  
  45  4:55  Supply Depot  
  47  5:00  Marauder  
  47  5:22  Marine x2  
  47  5:23  Marauder  
  50  5:40  Marine x2  
  48  5:45  Marauder  
  50  6:01  Marine x2  
  50  6:04  Starport Reactor  
  52  6:06  Marauder, SCV  
  52  6:07  SCV  
  56  6:19  Concussive Shells  
  56  6:27  Marauder  
  56  6:30  Barracks  
  56  6:31  Barracks  
  58  6:33  Starport  
  58  6:38  Command Center  
  58  6:39  Missile Turret  
  58  6:41  Missile Turret  
  58  6:42  Missile Turret  
  58  6:43  Missile Turret  
  58  6:46  Missile Turret  
  57  6:49  Marauder  
  59  6:55  Supply Depot  
  59  6:57  Supply Depot  
  59  7:03  Supply Depot  
  59  7:04  Refinery  
  59  7:12  Terran Infantry Weapons Level 1  
  59  7:14  Starport Tech Lab  
  57  7:48  Refinery  
  57  7:50  Barracks Reactor  
  57  7:51  Barracks Reactor  
  57  7:52  High Capacity Fuel Tanks  
  57  7:57  Orbital Command  
  57  8:01  Missile Turret  
  57  8:05  Missile Turret x3  
  57  8:18  SCV  
  57  8:19  SCV  
  59  8:29  Supply Depot, Marauder, Marine x6  
  59  8:30  SCV  
  59  8:31  Supply Depot, SCV, Orbital Command  
  59  8:33  Medivac x2  
  59  8:34  Medivac  
  75  8:43  Combat Shields  
  75  8:47  Marine x2  
  77  8:50  Marauder  
  79  9:06  Terran Infantry Armor Level 1  
  79  9:12  Marauder  
  76  9:26  Liberator x2  
  76  9:27  Liberator  
  76  9:34  Missile Turret x2  
  76  9:37  Marine  
  76  9:38  Marine x2  
  79  9:39  Marauder  
  90  9:47  Explosive Shrapnel Shells  
  90  9:56  Armory  
  90  10:00  Marauder, Marine x2  
  90  10:01  Marine  
  90  10:02  Marine  
  96  10:15  Missile Turret  
  96  10:21  Marauder, Marine, Missile Turret  
  96  10:22  Marine x2  
  96  10:26  Widow Mine  
  100  10:43  Marauder  
  100  10:45  Fusion Core  
  97  11:05  Medivac x2  
  97  11:06  Marine x2  
  97  11:07  Marauder, Marine x2  
  97  11:10  SCV x2  
  97  11:11  SCV  
Tags
 
Composition
MMM Bio
League
Silver
Matchup
PvT
Add a new tag
Caveats
  • Supply blocks, unpowered buildings, or Contaminate may cause inaccurate times.
  • Supply counts are checked every 10 seconds.